 Dungeon Crawl Stone Soup version 0.23-a0-642-g3120c2f5a9 (webtiles) character file.

74 HereIgoKillingAgain the Changer (level 4, -1/32 HPs)
             Began as a Demonspawn Transmuter on Dec 31, 2018.
             Slain by a gnoll
             ... wielding a cursed -1 spear
              (5 damage)
             ... on level 2 of the Dungeon.
             The game lasted 00:01:34 (1605 turns).

HereIgoKillingAgain the Changer (DsTm)              Turns: 1605, Time: 00:01:34

Health: -1/32      AC:  4    Str: 10    XL:     4   Next: 10%
Magic:  5/7        EV: 12    Int: 16    God:
Gold:   43         SH:  0    Dex: 13    Spells: 1/7 levels left

rFire    . . .     SeeInvis .     - Unarmed
rCold    . . .     Gourm    .   (no shield)
rNeg     . . .     Faith    .   b - +0 robe
rPois    .         Spirit   .   (no helmet)
rElec    .         Reflect  .   (no cloak)
rCorr    .         Harm     .   (no gloves)
MR       .....                  (no boots)
Stlth    +.........             (no amulet)
HPRegen  0.10/turn              (no ring)
MPRegen  0.10/turn              (no ring)

@: appendage (expiring)
A: horns 2, icy blue scales 1, spiny 1
a: End Transformation


You were on level 2 of the Dungeon.
You were not hungry.
You had grown temporary horns.
You visited 1 branch of the dungeon, and saw 2 of its levels.

You collected 43 gold pieces.

Inventory:

Missiles
 a - 7 arrows
Armour
 b - a +0 robe (worn)
Scrolls
 e - a scroll of fear {unknown}
 f - a scroll of remove curse {unknown}
 g - a scroll of amnesia {unknown}
 h - a scroll of identify {unknown}
 i - a scroll of blinking {unknown}
Potions
 c - a potion of flight {unknown}
Comestibles
 d - 3 rations


   Skills:
 - Level 1.0 Fighting
 - Level 1.7 Dodging
 + Level 3.3 Unarmed Combat
 - Level 2.0 Spellcasting
 * Level 3.4 Transmutations


You had one spell level left.
You knew the following spells:

 Your Spells              Type           Power        Failure   Level  Hunger
a - Beastly Appendage     Tmut           ##....       4%          1    #......
b - Sticks to Snakes      Tmut           ##......     8%          2    ###....
c - Spider Form           Tmut/Pois      #.........   30%         3    ###....

Your spell library contained the following spells:

 Spells                   Type           Power        Failure   Level  Hunger
 Ice Form                 Ice/Tmut       #.......     71%         4    #####..
 Blade Hands              Tmut           ##........   80%         5    ######.


Dungeon Overview and Level Annotations

Branches:
Dungeon (2/15)

Altars:


Innate Abilities, Weirdness & Mutations

You are partially covered in icy blue scales. (AC +2)
You are partially covered in sharp spines.
You have a pair of horns on your head.


Message History

The gnoll hits you with a cursed -1 spear!
Unknown command.
You are too injured to fight recklessly!
Unknown command.
You are too injured to fight recklessly!
You hit the gnoll but do no damage.
You headbutt the gnoll, but do no damage.
The gnoll is heavily wounded.
The gnoll is struck by your spines. The gnoll barely misses you.
The gnoll hits you with a +1 whip of flaming.
The gnoll burns you.
Unknown command.
The gnoll is struck by your spines.
The gnoll hits you with a cursed -1 spear.
* * * LOW HITPOINT WARNING * * *
The gnoll hits your ball python with a +1 whip of flaming!
The gnoll burns your ball python.
Your ball python dies!
The gnoll hits you from afar with a cursed -1 spear.
You die...

#...##.#...##.#.#
#........#.##.#.###
#...##.#........... # ##.#
#.#####....### ..#.###.###.#
#.....# ..#........<#
##....### #...%....####
##.#..). #..####..# #.#####
#..# #@.# #.# #.####gg#
##..# ##'## ....b.g.# #gg.#
##...## #g# #g#.# ##.<...###
#.# #.#.## ##.......##
#.####.###....####.........#
#................+.........'
#.########....####.........#
#.#.## ##.......##


You could see 3 gnolls.

Vanquished Creatures
  A centaur zombie (D:2)
  A ball python (D:2)
  A giant cockroach (D:1)
  3 goblins
  5 hobgoblins
  2 jackals (D:1)
  8 kobolds
  6 bats
  A frilled lizard (D:1)
  7 rats
35 creatures vanquished.

Vanquished Creatures (collateral kills)
  A gnoll (D:2)
1 creature vanquished.

Grand Total: 36 creatures vanquished

Notes
Turn   | Place    | Note
-------+----------+-------------------------------------------
     0 | D:1      | HereIgoKillingAgain the Demonspawn Transmuter began the
                  | quest for the Orb.
     0 | D:1      | Reached XP level 1. HP: 15/15 MP: 3/3
   211 | D:1      | Gained mutation: You are partially covered in sharp spines.
                  | [demonic ancestry]
   211 | D:1      | Reached XP level 2. HP: 14/21 MP: 5/5
  1154 | D:2      | Reached XP level 3. HP: 26/26 MP: 6/6
  1174 | D:2      | Learned a level 2 spell: Sticks to Snakes
  1178 | D:2      | Learned a level 3 spell: Spider Form
  1353 | D:2      | Gained mutation: You are partially covered in icy blue
                  | scales. (AC +2) [demonic ancestry]
  1353 | D:2      | Reached XP level 4. HP: 15/32 MP: 5/7
  1605 | D:2      | Slain by a gnoll

Vault maps used:
D:1:      dpeg_arrival_stonehenge_8_columns
D:2:      fiery_altar_vehumet, lemuel_crystal_altar

Skill      XL: |  1  2  3 |
---------------+----------+-----
Transmutations | 2 3 |  3.4
Unarmed Combat | 3 |  3.3
Fighting       | |  1.0
Dodging        | |  1.7
Spellcasting   | |  2.0

Action                   |  1- 3 |  4- 6 || total
-------------------------+-------+-------++-------
Melee: Unarmed           |    90 |     3 ||    93
       Punch             |     2 |       ||     2
       Headbutt          |       |     1 ||     1
 Cast: Sticks to Snakes  |     3 |     2 ||     5
       Beastly Appendage |       |     1 ||     1
 Stab: Sleeping          |     2 |       ||     2
       Distracted        |     2 |       ||     2
  Eat: Chunk             |     1 |       ||     1
       Ration            |       |     1 ||     1
Armor: Robe              |    16 |       ||    16
Dodge: Dodged            |    61 |     3 ||    64

Table legend:
 A = Non-vault XP
 B = Vault XP
 C = Vault XP percentage of total XP
 D = Non-vault monster count
 E = Vault monster count
 F = Vault count percentage of total count
                 A         B        C        D         E       F
            +---------+---------+-------+---------+---------+-------
      Total |     107 |       0 |   0.0 |      36 |       0 |   0.0
            +---------+---------+-------+---------+---------+-------
        D:1 |      40 |       0 |   0.0 |      26 |       0 |   0.0
        D:2 |      67 |       0 |   0.0 |      10 |       0 |   0.0
            +---------+---------+-------+---------+---------+-------
